AoeStats
← WHITE

Arena

505727535Analyzed
3v3 RM · 23d ago on Sep 10, 2026· 54m 23s· 6 players
Game mode
Random Map
Map size
Normal (6 player)
Population
200
Speed
Normal
Resources
Standard
Victory
Conquest
Starting age
Dark Age
Ending age
Imperial Age
RankedLock teamsTeams togetherTeam positionsShared explorationLock speedFull tech treeHidden civsTurbo modeCheats
Victory
Defeat
🇮🇳 Goths · India
856
+13
🇮🇳 Ethiopians · India
813
+23
🇮🇳 Magyars · India
796
+16
🇳🇱 Teutons · Netherlands
798
-15
🇳🇱 Portuguese · Netherlands
792
-15
🇳🇱 Khmer · Netherlands
785
-14
Ujj013
11:28 Feudal Age
17:24 Castle Age
15:51 Double-Bit Axe
16:14 Horse Collar
19:22 Bow Saw
26:20 Stone Mining
26:22 Gold Mining
27:22 Heavy Plow
28:26 Wheelbarrow
29:08 Gold Shaft Mining
29:32 Corvinian Army
30:42 Hand Cart
31:24 Ballistics
30:58 Fletching
32:06 Scale Barding Armor
32:02 Padded Archer Armor
33:13 Bodkin Arrow
33:32 Bloodlines
37:20 Imperial Age
34:36 Loom
35:54 Leather Archer Armor
35:59 Chain Barding Armor
37:28 Elite Magyar Huszar
38:29 Conscription
38:11 Recurve Bow
38:50 Plate Barding Armor
38:18 Bracer
39:34 Ring Archer Armor
39:16 Thumb Ring
39:40 Parthian Tactics
40:44 Chemistry
41:32 Heavy Cavalry Archer
49:41 Husbandry
49:56 Spies/Treason
WHITE
9:35 Loom
11:53 Feudal Age
15:52 Castle Age
14:00 Double-Bit Axe
13:57 Horse Collar
17:23 Bow Saw
18:46 Heavy Plow
19:00 Gold Mining
20:37 Stone Mining
25:41 Wheelbarrow
26:33 Forging
27:00 Scale Mail Armor
28:19 Hand Cart
28:15 Anarchy
31:55 Imperial Age
29:32 Squires
30:38 Iron Casting
30:18 Chain Mail Armor
31:15 Stone Shaft Mining
33:42 Blast Furnace
32:09 Elite Huskarl
33:35 Perfusion
33:55 Conscription
40:41 Town Watch
Vansh2218
12:53 Feudal Age
16:41 Castle Age
15:01 Horse Collar
18:57 Double-Bit Axe
19:27 Heavy Plow
21:11 Bow Saw
25:32 Stone Mining
25:36 Gold Mining
27:34 Stone Shaft Mining
27:35 Gold Shaft Mining
32:02 Imperial Age
29:37 Crossbowman
30:54 Thumb Ring
31:44 Padded Archer Armor
31:35 Fletching
32:45 Leather Archer Armor
33:17 Wheelbarrow
32:16 Arbalester
34:24 Capped Ram
35:23 Siege Ram
36:55 Ring Archer Armor
36:21 Bodkin Arrow
37:54 Siege Ram
41:16 Bracer
49:48 Spies/Treason
Dean
4:05 Loom
12:40 Feudal Age
13:29 Gold Mining
16:18 Horse Collar
19:38 Double-Bit Axe
23:15 Wheelbarrow
22:26 Town Watch
28:09 Castle Age
26:25 Man-at-Arms
27:27 Forging
27:18 Scale Mail Armor
33:28 Imperial Age
31:34 Long Swordsman
33:19 Caravan
33:35 Bow Saw
33:58 Heavy Plow
34:30 Two-Handed Swordsman
34:57 Gambesons
35:14 Squires
35:55 Iron Casting
35:56 Hand Cart
37:55 Crop Rotation
37:38 Stone Mining
38:58 Two-Man Saw
38:04 Town Watch
40:43 Blast Furnace
39:59 Chain Mail Armor
40:19 Town Patrol
41:42 Masonry
41:43 Fortified Wall
45:14 Champion
47:26 Plate Mail Armor
BigBootyBenny
10:59 Feudal Age
20:37 Castle Age
27:51 Imperial Age
27:53 Gold Mining
31:19 Gold Shaft Mining
FriendlyRob
10:08 Feudal Age
10:42 Double-Bit Axe
10:38 Horse Collar
13:49 Wheelbarrow
17:25 Castle Age
16:27 Gold Mining
18:38 Bow Saw
18:29 Heavy Plow
27:49 Imperial Age
26:16 Hand Cart
25:46 Town Watch
25:47 Loom
26:54 Murder Holes
27:20 Ballistics
27:17 Masonry
27:03 Fletching
31:06 Town Patrol
31:52 Crop Rotation
32:23 Two-Man Saw
31:24 Bodkin Arrow
31:40 Treadmill Crane
32:32 Architecture
33:26 Bracer
34:36 Chemistry
34:15 Fortified Wall
35:43 Crossbowman
36:28 Padded Archer Armor
41:02 Leather Archer Armor
45:02 Arbalester
46:52 Thumb Ring
47:13 Bombard Tower
48:09 Pikeman
49:49 Halberdier
50:41 Siege Engineers
53:07 Conscription
54:48 Ring Archer Armor
54:29 Forging
54:19 Scale Mail Armor
54:25 Scale Barding Armor
54:34 Caravan
55:04 Coinage
54:44 Guilds
Connection lost

Rejoining the realm…

Still unreachable

The connection could not be restored.

Session expired

The server has moved on; the page needs a fresh start.